 Dungeon Crawl Stone Soup version 0.22.0-38-g04b72b8 (webtiles) character file.

1549 Greyaxe the Cutter (level 8, -1/67 HPs)
             Began as a Purple Draconian Fighter on Aug 28, 2018.
             Slain by Pikel
             ... wielding a +2 whip of freezing
              (4 damage)
             ... on level 7 of the Dungeon.
             The game lasted 00:25:33 (6972 turns).

Greyaxe the Cutter (Purple Draconian Fighter)       Turns: 6972, Time: 00:25:34

Health: -1/67      AC:  6    Str: 21    XL:     8   Next: 57%
Magic:  8/8        EV: 12    Int:  8    God:
Gold:   452        SH: 14    Dex: 11    Spells: 6/7 levels left

rFire    . . .     SeeInvis +   a - +0 rapier
rCold    . . .     Gourm    .   b - +4 shield
rNeg     . . .     Faith    .   (armour unavailable)
rPois    +         Spirit   .   (helmet restricted)
rElec    .         Reflect  .   (no cloak)
rCorr    .         Harm     .   (no gloves)
MR       ++...                  (no boots)
Stlth    +++.......             l - amulet of the acrobat
HPRegen  0.21/turn              g - ring of protection from magic
MPRegen  0.11/turn              i - ring "Uvvitasaikk" {rPois SInv}

@: slowed, very slow
A: breathe power, unfitting armour, cold-blooded, AC +6
a: Breathe Dispelling Energy


You were on level 7 of the Dungeon.
You were not hungry.

You visited 1 branch of the dungeon, and saw 7 of its levels.

You collected 452 gold pieces.

Inventory:

Hand Weapons
 a - a +0 rapier (weapon)
Missiles
 j - 12 tomahawks (quivered)
Armour
 b - a +4 shield (worn)
Jewellery
 g - a ring of protection from magic (left hand)
 i - the ring "Uvvitasaikk" (right hand) {rPois SInv}
   (You found it on level 6 of the Dungeon)

   [ring of see invisible]

   It protects you from poison.
   It lets you see invisible.
 l - an amulet of the acrobat (around neck)
 o - an uncursed amulet of rage {unknown}
 q - an uncursed ring of poison resistance {unknown}
Wands
 n - a wand of polymorph (3)
 p - a wand of random effects (25)
 r - a wand of enslavement (6)
Scrolls
 f - 2 scrolls of remove curse
 h - 4 scrolls of identify
Potions
 c - 2 potions of might
Comestibles
 d - 5 rations


   Skills:
 + Level 4.8 Fighting
 + Level 5.9 Short Blades
 + Level 5.1 Dodging
 * Level 4.6 Stealth
 + Level 5.7 Shields
 + Level 1.3 Evocations


You had 6 spell levels left.
You knew the following spells:

 Your Spells              Type           Power        Failure   Level  Hunger
a - Freeze                Ice            #...         82%         1    ##.....

Your spell library contained the following spells:

 Spells                   Type           Power        Failure   Level  Hunger
 Magic Dart               Conj           #...         82%         1    ##.....
 Sandblast                Erth           #.....       82%         1    ##.....
 Ensorcelled Hibernation  Hex/Ice        #.....       91%         2    ###....
 Searing Ray              Conj           #.....       91%         2    ###....
 Throw Frost              Conj/Ice       #.....       91%         2    ###....
 Dazzling Spray           Conj/Hex       #.....       99%         3    ####...
 Force Lance              Conj/Tloc      #.......     100%        4    #####..
 Fulminant Prism          Conj/Hex       #.........   100%        4    #####..
 Iskenderun's Mystic Bla  Conj           #.......     100%        4    #####..
 Summon Ice Beast         Ice/Summ       #.......     100%        4    #####..
 Summon Lightning Spire   Summ/Air       #.......     100%        4    #####..
 Throw Icicle             Conj/Ice       #.......     100%        4    #####..
 Silence                  Hex/Air        #.........   100%        5    ######.
 Conjure Ball Lightning   Conj/Air       #.........   100%        6    #######
 Deflect Missiles         Chrm/Air       #.........   100%        6    #######
 Iron Shot                Conj/Erth      #.........   100%        6    #######
 Tornado                  Air            #.........   100%        9    #######


Dungeon Overview and Level Annotations

Branches:
Dungeon (7/15)
 Temple: D:4-7

Altars:
Gozag
Trog

Annotations:
D:7 Harold, Pikel


Innate Abilities, Weirdness & Mutations

You can breathe bolts of dispelling energy.
Your rich purple scales are hard. (AC +6)
You cannot fit into any form of body armour.
You are cold-blooded and may be slowed by cold attacks.


Message History

You block the slave's attack. Pikel misses you.
The slave hits Harold but does no damage.
Harold hits the slave with a flail.
You closely miss the slave.
The slave is lightly wounded.
The slave closely misses you. Pikel hits you with a whip of freezing.
* * * LOW HITPOINT WARNING * * *
You feel yourself slow down. Pikel freezes you.
* * * LOW HITPOINT WARNING * * *
The slave hits Harold!
Evoke which item? (* to show all) (? for menu, Esc to quit)
Aiming: Enslavement
Press: ? - help, Shift-Dir - straight line, f - Pikel, p - Harold
Aim: Pikel, wielding a whip of freezing and wearing an embroidered robe (moderately wounded, chance to defeat MR: 50%) Pikel resists with almost no effort.
Harold hits the slave with a flail.
The slave hits you.
* * * LOW HITPOINT WARNING * * *
You block Pikel's attack.
The slave hits Harold.
The slave barely misses you. Pikel hits you with a whip of freezing.
You die...

#.######## ### #†# #)#
#)# #(################
#)##.............########
#.##.#######.............
.............###p#####>..
#)##..######## #@#
..##..# #K#####.# ####..#
#@p.pp..# # #..#
#######.# # #..# # #...
#.#


You could see Pikel, 2 slaves and the friendly Harold.

Vanquished Creatures
  A phantom (D:7)
  An ogre (D:7)
  A centaur (D:5)
  6 bullfrogs
  4 killer bees (D:7)
  A centaur zombie (D:6)
  3 crimson imps (D:7)
  A hound (D:7)
  Crazy Yiuf (D:4)
  A centaur skeleton (D:5)
  A bullfrog skeleton (D:5)
  2 iguanas
  An iron imp (D:5)
  3 orc wizards
  Jessica (D:2)
  2 worker ants
  2 hound skeletons
  6 gnolls
  6 adders
  An adder skeleton (D:4)
  5 worms
  3 dart slugs (D:2)
  2 leopard geckos (D:1)
  11 orcs
  A ball python (D:2)
  2 bats (D:1)
  6 giant cockroaches
  4 goblins
  11 hobgoblins
  15 jackals
  6 kobolds
  A quokka (D:7)
  4 frilled lizards
  A jackal zombie (D:7)
  2 quokka skeletons
  11 rats
130 creatures vanquished.

Notes
Turn   | Place    | Note
-------+----------+-------------------------------------------
     0 | D:1      | Greyaxe the Draconian Fighter began the quest for the Orb.
     0 | D:1      | Reached XP level 1. HP: 19/19 MP: 1/1
   117 | D:1      | Reached XP level 2. HP: 26/26 MP: 2/2
   566 | D:1      | Reached skill level 1 in Stealth
   692 | D:2      | Reached XP level 3. HP: 31/31 MP: 3/3
  1005 | D:2      | Noticed Jessica
  1028 | D:2      | Killed Jessica
  1028 | D:2      | Reached XP level 4. HP: 19/40 MP: 4/4
  1286 | D:2      | HP: 2/40 [gnoll/halberd (7)]
  1293 | D:2      | HP: 2/40 [jackal (1)]
  2006 | D:3      | Noticed a bullfrog
  2008 | D:3      | Reached XP level 5. HP: 46/46 MP: 5/5
  3111 | D:3      | Reached XP level 6. HP: 34/52 MP: 6/6
  3555 | D:4      | Found a bloodstained altar of Trog.
  3586 | D:4      | Found a runed door.
  3590 | D:4      | Noticed Crazy Yiuf
  3596 | D:4      | Killed Crazy Yiuf
  4501 | D:5      | Entered Level 5 of the Dungeon
  4661 | D:5      | Your scales start taking on a rich purple colour.
  4661 | D:5      | Reached XP level 7. HP: 55/59 MP: 7/7
  4742 | D:5      | Identified the Almanac of Congealing Earth
  4771 | D:5      | Reached skill level 1 in Evocations
  5231 | D:6      | Got a sparkling granite ring
  5274 | D:6      | Learned a level 1 spell: Freeze
  5321 | D:6      | Reached skill level 5 in Short Blades
  5920 | D:6      | Found an opulent altar of Gozag.
  6267 | D:7      | Reached XP level 8. HP: 58/67 MP: 8/8
  6355 | D:7      | Reached skill level 5 in Shields
  6682 | D:7      | Noticed Harold
  6836 | D:7      | Reached skill level 5 in Dodging
  6901 | D:7      | Identified the ring "Uvvitasaikk" {rPois SInv} (You found it on level 6 of the Dungeon)
  6949 | D:7      | Noticed Pikel
  6972 | D:7      | HP: 3/67 [slave[Pikel] (2)]
  6972 | D:7      | Slain by Pikel

Skill      XL: |  1  2  3  4  5  6  7  8 |
---------------+-------------------------+-----
Dodging        | 3 4 5 |  5.1
Stealth        | 1 2 3 4 |  4.6
Short Blades   | 3 4 5 |  5.9
Shields        | 4 5 |  5.7
Fighting       | 4 |  4.8
Evocations     | 1 |  1.3

Action                   |  1- 3 |  4- 6 |  7- 9 || total
-------------------------+-------+-------+-------++-------
Melee: Rapier            |   112 |   208 |   251 ||   571
       Tailslap          |    12 |    25 |    31 ||    68
 Abil: Breathe Dispellin |       |       |     4 ||     4
Evoke: Wand              |       |    14 |     3 ||    17
  Use: Scroll            |     4 |     9 |     4 ||    17
       Potion            |     2 |       |     3 ||     5
 Stab: Sleeping          |     1 |     4 |     3 ||     8
       Distracted        |       |       |     1 ||     1
  Eat: Ration            |       |     4 |     2 ||     6
Armor: Skin              |    30 |    52 |    44 ||   126
Dodge: Dodged            |    39 |   103 |   191 ||   333
Block: Shield            |    49 |   122 |   229 ||   400
